 Dungeon Sprint DCSS version 0.31-a0-37-g98a128e1d9 (webtiles) character file.

Game seed: 15852146709842460217

4313 bmack86 the Severer (level 10, -7/153 HPs)
             Began as a Minotaur Berserker on May 14, 2023.
             Was a High Priest of Trog.
             Mangled by an unseen horror (8 damage)
             ... in the Dungeon (Sprint I: "Red Sonja").
             The game lasted 00:08:19 (628 turns).

bmack86 the Severer (Minotaur Berserker)             Turns: 628, Time: 00:08:20

Health: -7/153     AC: 13    Str: 26    XL:     10   Next: 11%
Magic:  0/9        EV: 11    Int:  4    God:    Trog [*****.]
Gold:   803        SH:  0    Dex: 16    Spells: 9/9 levels left

rFire   x . .        k - +0 scythe (flame)
rCold   + . .        (shield currently unavailable)
rNeg    . . .        j - +0 scale mail
rPois   .            (helmet restricted)
rElec   .            (no cloak)
rCorr   .            q - +2 pair of gloves {Stlth+}
SInv    .            (no boots)
Will    .....        r - amulet of guardian spirit Stlth
                     l - +6 ring of dexterity
HPRegen 0.45/turn    s - ring of ice
MPRegen 0.11/turn

%: no teleportation, guardian spirit
@: berserking (expiring), very quick
A: horns 2, retaliatory headbutt
a: Renounce Religion, Berserk, Trog's Hand, Brothers in Arms


You were in the Dungeon.
You worshipped Trog.
Trog was extremely pleased with you.
You visited 1 branch You collected 1072 gold pieces.
You spent 269 gold pieces at shops.

Inventory:

Hand Weapons
 a - a +0 hand axe
 k - a +0 scythe of flaming (weapon)
Missiles
 n - 2 curare-tipped darts
Armour
 b - a +0 animal skin
 j - a +0 scale mail (worn)
 q - a +2 pair of gloves of stealth (worn)
 t - a +0 cloak
Jewellery
 l - a +6 ring of dexterity (left hand)
 r - an amulet of guardian spirit (around neck)
 s - a ring of ice (right hand)
Wands
 i - a wand of iceblast (3) (quivered)
 m - a wand of digging (10)
Scrolls
 h - a scroll of blinking
Potions
 c - 4 potions of curing
 d - 2 potions of heal wounds
 e - a potion of haste
 f - 2 potions of magic
 g - a potion of berserk rage
 p - a potion of lignification {unknown}


   Skills:
 + Level 13.8 Fighting
 * Level 18.7 Axes
 + Level 13.5 Armour
 - Level 2.1 Dodging
 - Level 8.0 Evocations


You had 9 spell levels left.
You didn't know any spells.
Your spell library was empty.

Dungeon Overview and Level Annotations

Branches:
Dungeon (1/1)

Altars:
Cheibriados
Dithmenos
Elyvilon
Fedhas
Gozag
Hepliaklqana
Kikubaaqudgha
Makhleb
Nemelex Xobeh
Okawaru
Qazlal
Ru
Sif Muna
Trog
Uskayaw
Vehumet
Wu Jian
Xom
Yredelemnul
Zin
The Shining One
Jiyva
Lugonu

Shops:
D [![


Innate Abilities, Weirdness & Mutations

You have a pair of horns on your head.
You reflexively headbutt those who attack you in melee.


Message History

* * * LOW HITPOINT WARNING * * *
Something hits you.
* * * LOW HITPOINT WARNING * * *
You slash the necrophage! You burn the necrophage.
You feel the power of Trog in you as your rage grows.
You destroy the necrophage!
Trog accepts your kill. The necrophage barely misses you.
Your life force feels restored.
Unknown command.
You hit the necrophage. You burn the necrophage.
Your headbutt misses the necrophage.
The necrophage is heavily damaged.
Something completely misses you. Something hits you but does no damage.
Unknown command.
You hit the necrophage. You burn the necrophage.
Your headbutt misses the necrophage.
The necrophage is heavily damaged.
The necrophage barely misses you. You furiously retaliate!
You headbutt the necrophage!
You destroy the necrophage!
Trog accepts your kill. Something hits you but does no damage.
Something hits you.
* * * LOW HITPOINT WARNING * * *
Something hits you but does no damage.
Something completely misses you. 2 necrophages come into view.
Found a scroll labelled FILEC HEURR and 2 stones.
You feel a strong urge to attack something.
Something hits you.
* * * LOW HITPOINT WARNING * * *
Something hits you but does no damage.
You barely miss something.
You are no longer corroded.
Something hits you.
* * * LOW HITPOINT WARNING * * *
You slash something! You burn something. You headbutt something.
Something hits you.
* * * LOW HITPOINT WARNING * * *
Something hits you!
You die...

##########.####'###.###†#
........'...'.....'.∩##.#
#++++####.).###########.#
###.###.... #§#
#.#'#.#.... +§#
#.....#++.######.#
#.....#...)...§#.#
#######...†...#§.#
?n![..{@...~####
(n[.......~~#
#.......~~~##
###..~~~~### +######+


You could see 2 necrophages.

Vanquished Creatures
  2 centaur warriors (D)
  Sonja (D)
  A deep troll (D)
  An oklob plant (D)
  A hornet (D)
  Sigmund (D)
  A slime creature (D)
  A yak (D)
  2 redbacks (D)
  A floating eye (D)
  An ogre (D)
  5 necrophages (D)
  3 jellies (D)
  Ijyb (D)
22 creatures vanquished.

Vanquished Creatures (collateral kills)
  5 jellies (D)
5 creatures vanquished.

Vanquished Creatures (others)
  2 ballistomycete spores (D)
2 creatures vanquished.

Grand Total: 29 creatures vanquished

Notes
Turn   | Place    | Note
-------+----------+-------------------------------------------
     0 | D        | bmack86 the Minotaur Berserker began the quest for the Orb.
     0 | D        | Reached XP level 1. HP: 19/19 MP: 0/0
     3 | D        | Noticed Ijyb
     9 | D        | Killed Ijyb
    10 | D        | Reached skill level 5 in Fighting
    10 | D        | Reached skill level 6 in Axes
    10 | D        | Reached XP level 2. HP: 29/29 MP: 1/1
    52 | D        | Noticed an ogre
    56 | D        | Killed an ogre
    57 | D        | Reached skill level 8 in Axes
    57 | D        | Reached skill level 5 in Armour
    57 | D        | Reached XP level 3. HP: 37/37 MP: 2/2
    57 | D        | Reached XP level 4. HP: 44/44 MP: 3/3
    88 | D        | Noticed Sigmund
    95 | D        | Killed Sigmund
    95 | D        | Reached ** piety under Trog
    96 | D        | Reached skill level 10 in Axes
    96 | D        | Reached XP level 5. HP: 53/53 MP: 4/4
    96 | D        | Reached XP level 6. HP: 61/61 MP: 5/5
   136 | D        | Found a burning altar of Makhleb.
   136 | D        | Found a viscous altar of Jiyva.
   136 | D        | Found a shimmering altar of Xom.
   136 | D        | Found a corrupted altar of Lugonu.
   136 | D        | Noticed a slime creature
   140 | D        | Killed a slime creature
   141 | D        | Reached skill level 11 in Axes
   141 | D        | Reached skill level 5 in Evocations
   160 | D        | Found an ornate altar of the Wu Jian Council.
   160 | D        | Found a shimmering blue altar of Sif Muna.
   162 | D        | Found a radiant altar of Vehumet.
   197 | D        | Found Couwkea's Distillery.
   197 | D        | Found an ancient bone altar of Kikubaaqudgha.
   197 | D        | Found a hazy altar of Hepliaklqana.
   197 | D        | Found a stormy altar of Qazlal.
   197 | D        | Found a hide-covered altar of Uskayaw.
   197 | D        | Found a blossoming altar of Fedhas.
   197 | D        | Found a bloodstained altar of Trog.
   197 | D        | Found an iron altar of Okawaru.
   197 | D        | Found a basalt altar of Yredelemnul.
   197 | D        | Found a glowing golden altar of the Shining One.
   197 | D        | Found a snail-covered altar of Cheibriados.
   197 | D        | Found a sacrificial altar of Ru.
   197 | D        | Found a glowing silver altar of Zin.
   197 | D        | Found a shadowy altar of Dithmenos.
   197 | D        | Found a white marble altar of Elyvilon.
   197 | D        | Noticed a yak
   203 | D        | Killed a yak
   204 | D        | Reached skill level 12 in Axes
   204 | D        | Reached XP level 7. HP: 67/70 MP: 6/6
   204 | D        | Found an opulent altar of Gozag.
   205 | D        | Found a sparkling altar of Nemelex Xobeh.
   232 | D        | Noticed Sonja
   234 | D        | Killed Sonja
   234 | D        | Reached *** piety under Trog
   235 | D        | Reached skill level 10 in Fighting
   235 | D        | Reached skill level 14 in Axes
   235 | D        | Reached skill level 10 in Armour
   235 | D        | Reached XP level 8. HP: 80/80 MP: 7/7
   297 | D        | Found Baepo's Armour Boutique.
   317 | D        | Noticed a deep troll
   326 | D        | Killed a deep troll
   327 | D        | Reached skill level 15 in Axes
   336 | D        | Found Noryhe's Armour Emporium.
   344 | D        | Bought a +2 pair of gloves of stealth for 215 gold pieces
   436 | D        | Bought a +0 cloak for 54 gold pieces
   454 | D        | Noticed a centaur warrior
   455 | D        | Noticed a centaur warrior
   460 | D        | Killed a centaur warrior
   461 | D        | Reached skill level 16 in Axes
   461 | D        | Reached XP level 9. HP: 90/90 MP: 8/8
   464 | D        | Killed a centaur warrior
   465 | D        | Reached skill level 17 in Axes
   498 | D        | Paralysed by a hornet for 1 turns
   500 | D        | Reached **** piety under Trog
   513 | D        | Noticed an oklob plant
   518 | D        | Killed an oklob plant
   581 | D        | Reached skill level 18 in Axes
   600 | D        | Reached XP level 10. HP: 101/101 MP: 9/9
   606 | D        | Reached ***** piety under Trog
   618 | D        | Received a gift from Trog
   624 | D        | HP: 6/153 [something (5)]
   627 | D        | HP: 2/153 [something (1)]
   628 | D        | Mangled by an unseen horror

Illustrated notes

Levels and vault maps discovered:
D:        dungeon_sprint_1 [red_sonja_temple_1, red_sonja_temple_small_1]

Skill      XL: |  1  2  3  4  5  6  7  8  9 |
---------------+----------------------------+-----
Fighting       | 5 6 7 9 10 12 13 | 13.8
Axes           | 6 8 10 12 14 16 18 | 18.7
Armour         | 4 5 7 8 10 11 13 | 13.5
Evocations     | 2 4 5 6 8 |  8.0
Dodging        | |  2.1

Action                     |  1- 3 |  4- 6 |  7- 9 | 10-12 || total
---------------------------+-------+-------+-------+-------++-------
  Melee: Hand axe          |     8 |     5 |       |       ||    13
         Headbutt          |     1 |     2 |     5 |     3 ||    11
         Halberd           |       |    10 |    26 |    22 ||    58
 Invoke: Berserk           |     2 |     2 |     3 |     1 ||     8
         Brothers in Arms  |       |       |     1 |       ||     1
  Evoke: Wand              |       |       |     3 |       ||     3
    Use: Scroll            |       |       |     2 |       ||     2
   Stab: Distracted        |       |       |     1 |       ||     1
         Sleeping          |       |       |     1 |       ||     1
 Armour: Scale mail        |       |     1 |    16 |    32 ||    49
  Dodge: Dodged            |     1 |     6 |    19 |    12 ||    38

Table legend: (Time is in decaauts)
 A = Elapsed time spent in this place.
 B = Non-inter-level travel time spent in this place.
 C = Inter-level travel time spent in this place.
 D = Time resting spent in this place.
 E = Time spent auto-exploring this place.
 F = Levels seen in this place.
 G = Mean time per level.
                   A        B        C        D        E       F      G
               +--------+--------+--------+--------+--------+-----+--------+
         Total |    685 |    685 |      0 |    209 |      0 |   1 |  685.0 |
       Dungeon |    685 |    685 |      0 |    209 |      0 |   1 |  685.0 |
               +--------+--------+--------+--------+--------+-----+--------+

Top non-repeatable levels by time:
       D: 685 daAuts
